 Dungeon Crawl Stone Soup version 0.27.1-33-g824d729ab1 (webtiles) character file.

Game seed: 14498841165425967000

11 zeram the Ducker (level 2, 0/21 HPs)
             Began as an Octopode Fighter on Dec 22, 2021.
             Slain by a jackal (1 damage)
             ... on level 1 of the Dungeon.
             The game lasted 00:00:26 (101 turns).

zeram the Ducker (Octopode Fighter)                  Turns: 101, Time: 00:00:27

Health: 0/21       AC:  1    Str: 15    XL:     2   Next: 29%
Magic:  2/2        EV: 11    Int: 10    God:
Gold:   0          SH:  8    Dex: 11    Spells: 1/1 levels left

rFire    . . .     SeeInvis .   a - +0 trident
rCold    . . .     Faith    .   b - +0 kite shield
rNeg     . . .     Spirit   .   (helmet restricted)
rPois    .         Reflect  .   (no amulet)
rElec    .         Harm     .   (no ring)
rCorr    .         Rampage  .   (no ring)
Will     .....                  (no ring)
Stlth    ++........             (no ring)
HPRegen  0.07/turn              (no ring)
MPRegen  0.08/turn              (no ring)
                                (no ring)
                                (no ring)

@: no status effects
A: almost no armour, amphibious, 8 rings, camouflage 1, gelatinous body 1,
(nimble swimmer 1), tentacles
a: no special abilities


You were on level 1 of the Dungeon.
You visited 1 branch of the dungeon, and saw 1 of its levels.

Inventory:

Hand Weapons
 a - a +0 trident (weapon)
Armour
 b - a +0 kite shield (worn)
Potions
 c - a potion of might


   Skills:
 - Level 3.0 Fighting
 + Level 2.1 Polearms
 + Level 3.3 Dodging
 + Level 3.3 Shields


You had one spell level left.
You didn't know any spells.
Your spell library was empty.

Dungeon Overview and Level Annotations

Branches:
Dungeon (1/15)

Altars:


Innate Abilities, Weirdness & Mutations

You cannot wear most types of armour.
You are amphibious.
You can wear up to eight rings at the same time.
Your skin changes colour to match your surroundings (Stealth+).
Your rubbery body absorbs attacks. (AC +1, EV +1)
((You are camouflaged near water. (Stealth+)))
You have tentacles for arms and can constrict up to eight enemies at once.


Message History

You closely miss the jackal. Your grab misses the jackal.
A ball python comes into view.
The jackal completely misses you. The jackal closely misses you.
You barely miss the jackal. You grab the jackal. You constrict the jackal.
The jackal closely misses you. x2; The jackal bites you.
You block the jackal's attack. The jackal barely misses you.
The jackal closely misses you.
You hit the jackal but do no damage.
The jackal is heavily wounded.
You constrict the jackal.
You kill the jackal!
The jackal barely misses you. You block the jackal's attack.
The jackal closely misses you. You block the jackal's attack.
You closely miss the jackal. You grab the jackal. You constrict the jackal.
The jackal bites you. x3; You block the jackal's attack.
You are too injured to fight recklessly!
You are too injured to fight recklessly!
Unknown command.
You hit the jackal.
The jackal is heavily wounded.
You constrict the jackal. The jackal bites you.
* * * LOW HITPOINT WARNING * * *
The jackal bites you.
* * * LOW HITPOINT WARNING * * *
You block the jackal's attack. The jackal misses you.
You puncture the jackal!
You kill the jackal!
The jackal barely misses you.
The jackal bites you but does no damage.
You closely miss the jackal. Your grab misses the jackal.
Your squeeze misses the jackal. The jackal bites you.
* * * LOW HITPOINT WARNING * * *
You block the jackal's attack.
Unknown command.
You hit the jackal. Your grab misses the jackal.
The jackal is severely wounded.
The jackal bites you.
* * * LOW HITPOINT WARNING * * *
The jackal bites you.
You die...

#.. #.. ... .. ##.##
###..S# #...#h#
##.#.†@### ##
#........## #..
.......)..$# #.#
##....>)...####.#
##...........#.#
..!.......##.#.#
###........##.#.## ..
#.......###.†..###...#
######.## #...........


You could see a jackal and a ball python.

Vanquished Creatures
  A bat (D:1)
  An endoplasm (D:1)
  A hobgoblin (D:1)
  3 jackals (D:1)
  A quokka (D:1)
  2 kobolds (D:1)
9 creatures vanquished.

Notes
Turn   | Place    | Note
-------+----------+-------------------------------------------
     0 | D:1      | zeram the Octopode Fighter began the quest for the Orb.
     0 | D:1      | Reached XP level 1. HP: 16/16 MP: 1/1
    90 | D:1      | Reached XP level 2. HP: 19/21 MP: 2/2
   101 | D:1      | HP: 1/21 [jackal (2)]
   101 | D:1      | Slain by a jackal

Illustrated notes

Levels and vault maps discovered:
D:1:      psy_arrival_whirlpool, layout_loops_ring,
          shapermc_ecumenical_altar_petra

Action                   || total
-------------------------++-------
Melee: Trident           ||    23
       Constrict         ||     8
       Tentacles         ||     1
Armor: Skin              ||     3
Dodge: Dodged            ||    14
Block: Kite shield       ||    13
